 Dungeon Crawl Stone Soup version 0.26-a0-651-gb41185065b (webtiles) character file.

Game seed: 13703057319530167787

266636 lorenzova the Sorcerer (level 19, -2/102 HPs)
             Began as a Deep Elf Conjurer on Oct 28, 2020.
             Was the Champion of Vehumet.
             Slain by a jumping spider (8 damage)
             ... on level 1 of the Spider Nest.
             The game lasted 02:17:11 (48397 turns).

lorenzova the Sorcerer (Deep Elf Conjurer)         Turns: 48397, Time: 02:17:11

Health: -2/102     AC: 24    Str:  4    XL:     19   Next: 71%
Magic:  49/56      EV:  5    Int: 34    God:    Vehumet [******]
Gold:   2729       SH:  0    Dex: 20    Spells: 13/63 levels left

rFire    . . .     SeeInvis +   z - +6 mace of Fragile Peace {freeze, rElec MR+ Int+2}
rCold    . . .     Faith    .   U - +2 buckler
rNeg     . . .     Spirit   .   x - +8 ring mail "Venu" {Dex+7}
rPois    +         Reflect  .   j - +2 helmet
rElec    +         Harm     .   q - +1 cloak {MR+}
rCorr    .         Rampage  .   (no gloves)
MR       +++..                  M - +0 pair of boots
Stlth    +.........             X - amulet of magic regeneration
HPRegen  0.27/turn              t - ring of magical power
MPRegen  0.60/turn              n - ring "Nuysott" {rElec AC+4 SInv Stlth-}

@: held
A: large bone plates 1, poison resistance, robust 1
}: 1/15 runes: decaying
a: Renounce Religion


You were on level 1 of the Spider Nest.
You worshipped Vehumet.
Vehumet was exalted by your worship.
You visited 7 branches of the dungeon, and saw 32 of its levels.
You also visited: Ossuary.

You collected 4396 gold pieces.
You spent 1667 gold pieces at shops.

Inventory:

Hand Weapons
 z - the +6 mace of Fragile Peace (weapon) {freeze, rElec MR+ Int+2}
   (You took it off a deep elf high priest on level 3 of the Elven Halls)

   It has been specially enchanted to freeze those struck by it, causing extra
   injury to most foes and up to half again as much damage against particularly
   susceptible opponents.
   It can also slow down cold-blooded creatures.
   It affects your intelligence (+2).
   It insulates you from electricity.
   It affects your resistance to hostile enchantments.
Armour
 a - +1 acid dragon scales
 j - a +2 helmet (worn)
 q - a +1 cloak of magic resistance (worn)
 r - a +2 ring mail of magic resistance
 x - the +8 ring mail "Venu" (worn) {Dex+7}
   (You bought it in a shop on level 1 of the Orcish Mines)

   It affects your dexterity (+7).
 K - a +1 robe of cold resistance
 M - a +0 pair of boots (worn)
 U - a +2 buckler (worn)
Magical Staves
 E - an uncursed staff of air
 L - an uncursed staff of cold
 O - an uncursed staff of fire
 Z - an uncursed staff of conjuration
Jewellery
 n - the ring "Nuysott" (right hand) {rElec AC+4 SInv Stlth-}
   (You acquired it on level 1 of the Lair of Beasts)

   [ring of protection]

   It affects your AC (+4).
   It insulates you from electricity.
   It lets you see invisible.
   It makes you less stealthy.
 t - a ring of magical power (left hand)
 v - an uncursed ring of ice
 w - an uncursed ring of protection from cold
 F - an uncursed ring of wizardry
 N - an uncursed ring of fire
 X - an amulet of magic regeneration (around neck)
Wands
 C - a wand of digging (12)
 I - a wand of disintegration (27)
 Q - a wand of acid (11)
Scrolls
 c - 2 scrolls of silence
 d - 8 scrolls of remove curse
 f - 11 scrolls of teleportation
 i - 4 scrolls of amnesia
 k - 8 scrolls of magic mapping
 m - 8 scrolls of fog
 o - 2 scrolls of fear
 y - 7 scrolls of identify
 D - 2 scrolls of torment
 G - a scroll of enchant armour
 H - a scroll of holy word
 T - a scroll of summoning
Potions
 b - 9 potions of brilliance
 e - 4 potions of mutation
 g - 21 potions of curing
 l - 6 potions of haste
 p - 8 potions of flight
 s - 8 potions of heal wounds
 u - 7 potions of lignification
 A - 2 potions of ambrosia
 B - 2 potions of cancellation
 P - a potion of magic


   Skills:
 - Level 2.0 Fighting
 - Level 4.5 Armour
 - Level 2.4 Dodging
 - Level 2.4 Stealth
 - Level 4.0 Shields
 * Level 22.7 Spellcasting
 * Level 20.0 Conjurations
 - Level 9.0 Hexes
 - Level 6.0 Translocations
 * Level 16.3 Fire Magic
 * Level 11.5 Air Magic


You had 13 spell levels left.
You knew the following spells:

 Your Spells              Type           Power        Failure   Level
a - Magic Dart            Conj           ####         0%          1
b - Iskenderun's Battles  Conj           ########     1%          5
c - Iskenderun's Mystic   Conj/Tloc      #######.     1%          4
d - Fulminant Prism       Conj/Hex       #######...   1%          4
e - Starburst             Conj/Fire      ########..   1%          6
f - Fireball              Conj/Fire      ########..   1%          5
g - Swiftness             Air            #######.     1%          2
l - Lightning Bolt        Conj/Air       #######...   1%          5
o - Orb of Destruction    Conj           ########..   1%          7
p - Blink                 Tloc           N/A          1%          2
s - Sticky Flame          Conj/Fire      ########     0%          4
x - Conjure Flame         Conj/Fire      ########     0%          3
z - Searing Ray           Conj           ######       0%          2

Your spell library contained the following spells:

 Spells                   Type           Power        Failure   Level
 Fire Storm               Conj/Fire      ########..   45%         9
 Tornado                  Air            #######...   99%         9
 Absolute Zero            Ice            #####.....   100%        9
 Foxfire                  Conj/Fire      ####         0%          1
 Shock                    Conj/Air       ####         0%          1
 Static Discharge         Conj/Air       #######.     0%          3
 Apportation              Tloc           ######       1%          1
 Corona                   Hex            #######      1%          1
 Freeze                   Ice            ####         1%          1
 Ensorcelled Hibernation  Hex/Ice        ######       1%          2
 Slow                     Hex            #######.     1%          2
 Confusing Touch          Hex            #######.     1%          3
 Dazzling Flash           Conj/Hex       ######       1%          3
 Gell's Gravitas          Tloc           ######....   1%          3
 Inner Flame              Hex/Fire       #######.     1%          3
 Lesser Beckoning         Tloc           ######....   1%          3
 Mephitic Cloud           Conj/Pois/Air  #######.     1%          3
 Portal Projectile        Hex/Tloc       ######       1%          3
 Tukima's Dance           Hex            #######.     1%          3
 Airstrike                Air            #######...   1%          4
 Cause Fear               Hex            #######...   1%          4
 Hailstorm                Conj/Ice       #######.     1%          4
 Bolt of Magma            Conj/Fire/Erth #######...   1%          5
 Silence                  Hex/Air        #######...   1%          5
 Conjure Ball Lightning   Conj/Air       #######...   1%          6
 Iron Shot                Conj/Erth      #######...   2%          6
 Beastly Appendage        Tmut           #####.       3%          1
 Frozen Ramparts          Ice            #####.       3%          3
 Yara's Violent Unravell  Hex/Tmut       ######....   4%          5
 Call Imp                 Summ           #####...     5%          2
 Wereblood                Tmut           #####...     5%          2
 Leda's Liquefaction      Hex/Erth       ######....   5%          4
 Ozocubu's Armour         Ice            #####...     11%         3
 Spider Form              Tmut/Pois      #####.....   11%         3
 Spellforged Servitor     Conj/Summ      #######...   13%         7
 Invisibility             Hex            #######.     14%         6
 Metabolic Englaciation   Hex/Ice        ######....   16%         5
 Ice Form                 Ice/Tmut       #####...     34%         4
 Petrify                  Tmut/Erth      #####...     34%         4
 Summon Ice Beast         Ice/Summ       #####...     34%         4
 Alistair's Intoxication  Tmut/Pois      #####....    69%         5
 Blade Hands              Tmut           #####.....   69%         5
 Borgnjor's Vile Clutch   Necr/Erth      #####.....   69%         5
 Shadow Creatures         Summ           N/A          99%         6
 Haunt                    Necr/Summ      #####.....   100%        7
 Borgnjor's Revivificati  Necr           #####.....   100%        8
 Infestation              Necr           #####.....   100%        8
 Necromutation            Tmut/Necr      #####.....   100%        8
 Death's Door             Necr           #####.....   100%        9


Dungeon Overview and Level Annotations

Branches:
Dungeon (15/15)            Temple (1/1) D:7            Lair (6/6) D:9
  Swamp (4/4) Lair:4       Spider (1/4) Lair:4        Slime (0/5) Lair:5
    Orc (2/2) D:9             Elf (3/3) Orc:2        Vaults (0/5) D:14
 Depths (0/5) D:15        Ossuary (visited)

Altars:
Cheibriados
Dithmenos
Elyvilon
Fedhas
Gozag
Kikubaaqudgha
Makhleb
Nemelex Xobeh
Okawaru
Ru
Sif Muna
Trog
Uskayaw
Vehumet
Xom
The Shining One
Jiyva

Shops:
D:4 (   D:5 :   Orc:1 [   Orc:2 *}:!   Elf:1 *   Elf:3 ?

Annotations:
D:14 2 runed translucent doors, Jaewyawk's ghost, journeyman MiFi


Innate Abilities, Weirdness & Mutations

You are partially covered in large bone plates. (SH +4)
Your system is resistant to poisons. (rPois)
You are robust. (+10% HP)


Message History

The demonic crawler hits you but does no damage. x2
Unknown command.
Casting: Starburst (mildly dangerous; 1% risk of failure)
Confirm with . or Enter, or press ? or * to list all spells.
You erupt in a blast of force!
The mystic blast hits the demonic crawler.
The demonic crawler is severely wounded.
The demonic crawler is knocked back by the mystic blast.
The mystic blast hits the jumping spider.
The jumping spider is almost dead.
The jumping spider is knocked back by the mystic blast.
The jumping spider slams into the rock wall!
The mystic blast hits the wolf spider!!
The wolf spider is heavily wounded.
The wolf spider is knocked back by the mystic blast.
The jumping spider barely misses you. The jumping spider bites you!
* * * LOW HITPOINT WARNING * * *
The jumping spider pounces on you but does no damage.
The jumping spider bites you!
You die...

#### #@s#
#..^#
.......
..†.......
##.s...s...
##.......#
/....#ss#
....##.ss


You could see a demonic crawler, a wolf spider, an orb spider, a jumping spider
(berserk) and 3 redbacks.

Vanquished Creatures
  Jorgrun (Elf:1)
  A deep elf blademaster (Elf:3)
  3 deep elf master archers (Elf:3)
  Frances (Swamp:2)
  2 thorn hunters (Swamp:3)
  Donald (Elf:2)
  3 deep elf elementalists (Elf:3)
  7 deep elf sorcerers
  Aizul (Swamp:1)
  An entropy weaver (Spider:1)
  Nessos (D:15)
  10 deep elf demonologists
  12 deep elf annihilators
  3 deep elf death magi (Elf:3)
  An ettin (Orc:2)
  6 deep elf high priests (Elf:3)
  4 fire dragons
  Fannar (D:11)
  Erolcha (D:12)
  An ice dragon (D:15)
  A merfolk avatar (Lair:6)
  2 ghost crabs
  Erica (D:11)
  A shambling mangrove (Swamp:3)
  15 hydras
  A centaur warrior (D:14)
  37 dancing weapons
  11 alligators
  4 two-headed ogres
  Sonja (D:11)
  27 deep elf knights
  3 fire crabs (Swamp:4)
  4 unseen horrors
  5 skeletal warriors (D:15)
  3 spriggan druids
  11 deep elf archers
  7 swamp dragons
  6 orc knights
  58 deep elf magi
  3 orb spiders (Spider:1)
  A harpy (Lair:6)
  A salamander (Swamp:4)
  An orc sorcerer (Elf:1)
  3 cyclopes
  5 ugly things
  An orb spider (shapeshifter) (D:14)
  4 wolf spiders (Spider:1)
  A centaur zombie (D:13)
  2 manticores
  32 elephants
  2 moths of wrath (Spider:1)
  11 cane toads
  An eye of devastation (shapeshifter) (Elf:3)
  5 black mambas
  A torpor snail (Lair:5)
  2 gargoyles
  2 kobold demonologists
  Maggie (Lair:2)
  4 rime drakes (Lair:6)
  7 komodo dragons
  An efreet (D:15)
  6 trolls
  2 polar bears (Lair:6)
  7 jumping spiders
  A merfolk (shapeshifter) (D:14)
  3 meliai (D:13)
  2 wind drakes (Lair:6)
  9 hippogriffs
  10 hornets
  8 tyrant leeches
  5 bog bodies
  25 slime creatures
  7 blink frogs
  2 tarantellas (Spider:1)
  15 dream sheep
  2 shadows
  Sigmund (D:5)
  3 redbacks (Spider:1)
  A spriggan (Swamp:2)
  A wraith (D:14)
  6 air elementals
  34 yaks
  2 water elementals
  4 fire elementals
  4 wyverns
  Grum (Lair:1)
  3 steam dragons (Swamp:4)
  7 vampire mosquitoes
  Menkaure (D:6)
  10 insubstantial wisps
  A warg (Orc:1)
  7 swamp worms
  3 soldier ants
  An acid dragon (D:15)
  12 two-headed ogre zombies (D:12)
  8 water moccasins
  4 porcupines
  Duvessa (D:6)
  3 ice beasts
  14 swamp drakes
  11 sky beasts
  A black bear (D:10)
  2 phantoms
  37 orc warriors
  2 eyes of draining
  23 wolves
  10 ogres
  27 centaurs
  8 crocodiles
  10 big kobolds
  23 bullfrogs
  A wyvern zombie (D:15)
  2 earth elementals
  An elf skeleton (D:6)
  Dowan (D:6)
  3 wyvern skeletons
  4 scorpions
  14 killer bees
  13 wights
  2 lava snakes (Swamp:4)
  A bullfrog zombie (D:9)
  3 human zombies
  3 jellies (D:13)
  38 orc wizards
  3 gnoll shamans
  A bullfrog skeleton (D:5)
  15 hounds
  26 orc priests
  6 centaur skeletons
  4 iguanas
  2 human skeletons (D:6)
  Natasha (twice) (D:2)
  9 worker ants
  2 mummies (Ossuary)
  2 worker ant zombies
  19 gnolls
  12 adders
  2 shadow imps (D:8)
  2 white imps (D:5)
  3 ufetubi
  An ooze (D:2)
  2 adder skeletons
  An adder zombie (D:9)
  3 worms
  A dart slug (D:2)
  5 leopard geckos
  115 orcs
  5 giant cockroaches
  2 gnoll zombies (Ossuary)
  9 goblins
  14 hobgoblins
  11 jackals
  6 quokkas
  10 bats
  3 frilled lizards
  2 hobgoblin zombies (Ossuary)
  24 kobolds
  A kobold zombie (Ossuary)
  A leopard gecko skeleton (D:5)
  An orc skeleton (D:6)
  2 orc zombies
  A quokka zombie (D:7)
  7 rats
1163 creatures vanquished.

Vanquished Creatures (others)
  A swamp dragon (Swamp:4)
  A water elemental (Elf:3)
  2 swamp drakes (Swamp:4)
  A bush (Lair:5)
  134 fulminant prisms
  26 fungi
  94 plants
259 creatures vanquished.

Grand Total: 1422 creatures vanquished

Notes
Turn   | Place    | Note
-------+----------+-------------------------------------------
     0 | D:1      | lorenzova the Deep Elf Conjurer began the quest for the
                  | Orb.
     0 | D:1      | Reached XP level 1. HP: 10/10 MP: 6/6
   347 | D:1      | Reached XP level 2. HP: 15/15 MP: 3/8
   412 | D:1      | Learned a level 2 spell: Searing Ray
  1015 | D:2      | Reached skill level 4 in Spellcasting
  1030 | D:2      | Reached XP level 3. HP: 19/19 MP: 5/10
  1084 | D:2      | Reached skill level 5 in Conjurations
  1447 | D:2      | Noticed Natasha
  1451 | D:2      | Killed Natasha
  1451 | D:2      | Reached XP level 4. HP: 24/24 MP: 6/12
  1809 | D:2      | Reached skill level 5 in Spellcasting
  1881 | D:2      | Noticed Natasha
  1886 | D:2      | Killed Natasha
  2364 | D:3      | Reached XP level 5. HP: 28/28 MP: 11/14
  2413 | D:3      | Found an opulent altar of Gozag.
  3318 | D:4      | Reached skill level 6 in Spellcasting
  3352 | D:4      | Reached XP level 6. HP: 15/32 MP: 7/17
  3721 | D:4      | Found Xatismou's Weapon Shop.
  3936 | D:4      | Found a burning altar of Makhleb.
  3972 | D:4      | Reached skill level 7 in Spellcasting
  4267 | D:4      | Reached XP level 7. HP: 36/36 MP: 17/20
  4313 | D:4      | Reached skill level 8 in Spellcasting
  4616 | D:4      | Learned a level 4 spell: Iskenderun's Mystic Blast
  4621 | D:4      | Learned a level 4 spell: Fulminant Prism
  4636 | D:5      | Entered Level 5 of the Dungeon
  4785 | D:5      | Reached skill level 1 in Hexes
  4971 | D:5      | Reached skill level 1 in Translocations
  4976 | D:5      | Reached skill level 9 in Spellcasting
  4976 | D:5      | Reached XP level 8. HP: 31/41 MP: 13/23
  5235 | D:5      | Found Biwuulir's Book Shoppe.
  5527 | D:5      | Noticed Sigmund
  5536 | D:5      | Killed Sigmund
  5567 | D:5      | Reached skill level 10 in Spellcasting
  5886 | D:6      | Noticed Dowan
  5888 | D:6      | Noticed Duvessa
  5909 | D:6      | Killed Duvessa
  5912 | D:6      | Killed Dowan
  5952 | D:6      | Reached XP level 9. HP: 34/45 MP: 13/25
  5968 | D:6      | Noticed Menkaure
  5979 | D:6      | Killed Menkaure
  6129 | D:6      | Found a sand-covered staircase.
  6184 | Ossuary  | Entered an ossuary
  6185 | Ossuary  | Gained mutation: Your system is resistant to poisons.
                  | (rPois) [potion of mutation]
  6185 | Ossuary  | Gained mutation: You have a pair of small horns on your
                  | head. [potion of mutation]
  6185 | Ossuary  | Gained mutation: You have a pair of horns on your head.
                  | [potion of mutation]
  6186 | Ossuary  | Lost mutation: You have a pair of horns on your head.
                  | [potion of mutation]
  6186 | Ossuary  | Lost mutation: You have a pair of small horns on your head.
                  | [potion of mutation]
  6186 | Ossuary  | Gained mutation: You are partially covered in large bone
                  | plates. (SH +4) [potion of mutation]
  6186 | Ossuary  | Gained mutation: You are robust. (+10% HP) [potion of
                  | mutation]
  6576 | D:6      | Found a white marble altar of Elyvilon.
  6916 | D:6      | Reached skill level 11 in Spellcasting
  6916 | D:6      | Reached skill level 10 in Conjurations
  7088 | D:6      | Reached skill level 5 in Hexes
  7542 | D:6      | Found a sacrificial altar of Ru.
  8408 | D:7      | Found a staircase to the Ecumenical Temple.
  8441 | Temple   | Entered the Ecumenical Temple
  8461 | Temple   | Became a worshipper of Vehumet
  8953 | D:7      | Reached XP level 10. HP: 55/55 MP: 22/27
  8989 | D:7      | Found a shimmering blue altar of Sif Muna.
  9368 | D:8      | Reached skill level 12 in Spellcasting
  9398 | D:8      | Reached skill level 5 in Translocations
  9757 | D:8      | Reached * piety under Vehumet
  9757 | D:8      | Offered knowledge of Shock by Vehumet.
 10625 | D:8      | Noticed a gargoyle
 10814 | D:8      | Learned a level 3 spell: Conjure Flame
 10820 | D:8      | Learned a level 5 spell: Iskenderun's Battlesphere
 10828 | D:8      | Learned a level 7 spell: Orb of Destruction
 11156 | D:8      | Killed a gargoyle
 11430 | D:9      | Noticed a two-headed ogre
 11436 | D:9      | Killed a two-headed ogre
 11442 | D:9      | Reached skill level 13 in Spellcasting
 11627 | D:9      | Found a staircase to the Orcish Mines.
 11668 | D:9      | Found a shimmering altar of Xom.
 11684 | D:9      | Found a blossoming altar of Fedhas.
 12106 | D:9      | Found a staircase to the Lair.
 12174 | D:9      | Reached ** piety under Vehumet
 12429 | D:10     | Entered Level 10 of the Dungeon
 12438 | D:10     | Offered knowledge of Foxfire by Vehumet.
 12768 | D:10     | Killed an unseen horror
 12768 | D:10     | Reached skill level 1 in Fire Magic
 12768 | D:10     | Reached XP level 11. HP: 18/59 MP: 22/30
 13498 | D:10     | Offered knowledge of Static Discharge by Vehumet.
 13615 | D:10     | Noticed a three-headed hydra
 13621 | D:10     | Killed a three-headed hydra
 13785 | D:10     | Reached *** piety under Vehumet
 14088 | D:10     | Reached skill level 14 in Spellcasting
 14562 | D:11     | Offered knowledge of Sticky Flame by Vehumet.
 14571 | D:11     | Learned a level 4 spell: Sticky Flame
 14615 | D:11     | Noticed Erica
 14617 | D:11     | Noticed an unseen horror
 14618 | D:11     | Killed an unseen horror
 14700 | D:11     | Killed Erica
 14988 | D:11     | Noticed Sonja
 14995 | D:11     | Killed Sonja
 14995 | D:11     | Reached skill level 5 in Fire Magic
 15175 | D:11     | Noticed Fannar
 15184 | D:11     | Killed Fannar
 15975 | D:11     | Reached **** piety under Vehumet
 16419 | D:11     | Reached XP level 12. HP: 52/64 MP: 22/32
 16571 | D:11     | Learned a level 2 spell: Blink
 16669 | D:12     | Offered knowledge of Airstrike by Vehumet.
 16669 | D:12     | Reached skill level 15 in Spellcasting
 16818 | D:12     | Noticed a two-headed ogre
 16823 | D:12     | Killed a two-headed ogre
 16935 | D:12     | Found a shimmering altar of Xom.
 18911 | D:12     | Noticed a two-headed ogre
 18912 | D:12     | Noticed Erolcha
 18924 | D:12     | Killed a two-headed ogre
 18970 | D:12     | Killed Erolcha
 18970 | D:12     | Reached skill level 16 in Spellcasting
 19345 | D:12     | Identified the Catalogue of Malediction
 19498 | Lair:1   | Entered Level 1 of the Lair of Beasts
 19655 | Lair:1   | Reached ***** piety under Vehumet
 19658 | Lair:1   | Offered knowledge of Irradiate by Vehumet.
 19907 | Lair:1   | Noticed Grum
 19913 | Lair:1   | Killed Grum
 19913 | Lair:1   | Reached XP level 13. HP: 69/69 MP: 26/35
 20540 | Lair:2   | Noticed Maggie
 20545 | Lair:2   | Killed Maggie
 22417 | Lair:3   | Reached skill level 17 in Spellcasting
 22469 | Lair:3   | Reached skill level 15 in Conjurations
 22912 | Lair:4   | Reached skill level 10 in Fire Magic
 23205 | Lair:4   | Offered knowledge of Olgreb's Toxic Radiance by Vehumet.
 23321 | Lair:4   | Found a hole to the Spider Nest.
 23673 | Lair:4   | Found a staircase to the Swamp.
 24507 | Lair:5   | Reached skill level 18 in Spellcasting
 24862 | Lair:5   | Reached XP level 14. HP: 74/74 MP: 24/38
 25133 | Lair:5   | Found a staircase to the Slime Pits.
 25344 | Lair:6   | Entered Level 6 of the Lair of Beasts
 27111 | Lair:6   | Reached skill level 19 in Spellcasting
 27563 | Lair:6   | Got a fine robe
 27574 | Lair:6   | Identified the +1 robe of Indomitability {+Inv rC+ Dex+3}
                  | (You found it on level 6 of the Lair of Beasts)
 27708 | Lair:1   | Identified a scroll of acquirement
 27708 | Lair:1   | Acquired the ring "Nuysott" {rElec AC+4 SInv Stlth-}
 27815 | Orc:1    | Entered Level 1 of the Orcish Mines
 27840 | Orc:1    | Offered knowledge of Fireball by Vehumet.
 27847 | Orc:1    | Learned a level 5 spell: Fireball
 27868 | Orc:1    | Found Niefeon's Antique Armour Shoppe.
 28710 | Orc:2    | Entered Level 2 of the Orcish Mines
 28762 | Orc:2    | Found a staircase to the Elven Halls.
 29262 | Orc:2    | Reached skill level 1 in Fighting
 29321 | Orc:2    | Reached skill level 1 in Armour
 30112 | Orc:2    | Found Cemes's Gadget Shoppe.
 30112 | Orc:2    | Found Milyq's Book Boutique.
 30114 | Orc:2    | Found Waexkouk's Distillery.
 30116 | Orc:2    | Found Miap's General Store.
 30120 | Orc:2    | Bought a potion of heal wounds for 70 gold pieces
 30226 | Orc:1    | Bought a spiked ring mail for 306 gold pieces
 30236 | Orc:1    | Identified the +8 ring mail "Venu" {Dex+7} (You bought it
                  | in a shop on level 1 of the Orcish Mines)
 30394 | Orc:2    | Bought a book of Air for 595 gold pieces
 30401 | Orc:2    | Learned a level 5 spell: Lightning Bolt
 30404 | Orc:2    | Learned a level 2 spell: Swiftness
 30406 | Orc:2    | Bought a potion of curing for 42 gold pieces
 30406 | Orc:2    | Bought a potion of haste for 140 gold pieces
 30406 | Orc:2    | Bought a potion of curing for 42 gold pieces
 30833 | D:13     | Offered knowledge of Conjure Ball Lightning by Vehumet.
 30842 | D:13     | Reached skill level 1 in Air Magic
 31172 | D:13     | Found a viscous altar of Jiyva.
 31697 | D:14     | Reached XP level 15. HP: 82/82 MP: 22/40
 31956 | D:14     | Found a large runed translucent door.
 31957 | D:14     | Found a large runed translucent door.
 31960 | D:14     | Noticed Jaewyawk's ghost (journeyman MiFi)
 31961 | D:14     | Found the +4 robe of Augmentation {Str+4 Int+4 Dex+4}
 32579 | D:14     | Found a gate to the Vaults.
 32797 | D:15     | Entered Level 15 of the Dungeon
 33399 | D:15     | Noticed Nessos
 33406 | D:15     | Killed Nessos
 33591 | D:15     | Offered knowledge of Lee's Rapid Deconstruction by Vehumet.
 33797 | D:15     | Found a staircase to the Depths.
 34473 | Lair:3   | Got a smoking spear
 34474 | Lair:3   | Identified the +7 spear of Lautuoro {speed, rElec rC+
                  | Dex-2} (You found it on level 3 of the Lair of Beasts)
 34622 | Swamp:1  | Entered Level 1 of the Swamp
 34623 | Swamp:1  | Noticed Aizul
 34748 | Spider:1 | Entered Level 1 of the Spider Nest
 34764 | Spider:1 | Reached skill level 20 in Spellcasting
 35109 | Elf:1    | Entered Level 1 of the Elven Halls
 35113 | Elf:1    | Reached skill level 5 in Air Magic
 35232 | Elf:1    | Found Nuculo's Assorted Antiques.
 35235 | Elf:1    | Bought a glowing cloak for 292 gold pieces
 35602 | Elf:1    | Noticed Jorgrun
 35605 | Elf:1    | Killed Jorgrun
 36027 | Elf:1    | Reached XP level 16. HP: 88/88 MP: 30/42
 36572 | Elf:1    | Offered knowledge of Freezing Cloud by Vehumet.
 37587 | Elf:2    | Found a runed translucent door.
 37610 | Elf:2    | Noticed Donald
 37753 | Elf:2    | Killed Donald
 37876 | Elf:2    | Reached skill level 21 in Spellcasting
 38595 | Elf:2    | Found a runed translucent door.
 38885 | Elf:2    | Reached XP level 17. HP: 92/92 MP: 10/44
 39148 | Elf:2    | Reached ****** piety under Vehumet
 39434 | Elf:3    | Entered Level 3 of the Elven Halls
 39458 | Elf:3    | Offered knowledge of Starburst by Vehumet.
 40095 | Elf:3    | Reached skill level 1 in Shields
 40452 | Elf:3    | Found Riczallol's Magic Scroll Shop.
 40460 | Elf:3    | Bought a scroll of identify for 40 gold pieces
 40460 | Elf:3    | Bought a scroll of teleportation for 60 gold pieces
 40460 | Elf:3    | Bought a scroll of identify for 40 gold pieces
 40460 | Elf:3    | Bought a scroll of identify for 40 gold pieces
 40486 | Elf:3    | Noticed a deep elf master archer
 40561 | Elf:3    | Killed a deep elf master archer
 40561 | Elf:3    | Reached skill level 15 in Fire Magic
 40826 | Elf:3    | Identified the +6 mace of Fragile Peace {freeze, rElec MR+
                  | Int+2}
 41001 | Elf:3    | Identified the +7 broad axe "Silewy" {venom, +Inv rPois
                  | Dex-4}
 41032 | Elf:3    | Reached skill level 10 in Air Magic
 41036 | Elf:3    | Noticed a deep elf master archer
 41039 | Elf:3    | Killed a deep elf master archer
 41144 | Elf:3    | Reached skill level 22 in Spellcasting
 41251 | Elf:3    | Identified the +6 flail "Undertaker" {vorpal, *Contam rPois
                  | rF+ MR++}
 41299 | Elf:3    | Noticed a deep elf master archer
 41301 | Elf:3    | Killed a deep elf master archer
 41500 | Elf:3    | Noticed a deep elf blademaster
 41516 | Elf:3    | Identified Sif Muna's Incunabulum of Ensnaring Heat
 41561 | Elf:3    | Reached XP level 18. HP: 84/97 MP: 16/46
 41952 | Elf:3    | Identified the Papyrus of Icy Feathers
 42090 | Elf:3    | Acquired the +7 kite shield of the Moon {*Contam Regen+
                  | Int+5}
 42094 | Elf:3    | Reached XP level 19. HP: 102/102 MP: 47/47
 42558 | Swamp:1  | Killed Aizul
 43201 | Swamp:2  | Learned a level 6 spell: Starburst
 43696 | Swamp:2  | Noticed Frances
 43701 | Swamp:2  | Killed Frances
 43766 | Swamp:2  | Offered knowledge of Fire Storm by Vehumet.
 43766 | Swamp:2  | Offered knowledge of Tornado by Vehumet.
 43766 | Swamp:2  | Offered knowledge of Absolute Zero by Vehumet.
 45137 | Swamp:4  | Entered Level 4 of the Swamp
 47700 | Swamp:4  | Got a decaying rune of Zot
 48397 | Spider:1 | Slain by a jumping spider

Illustrated notes

Levels and vault maps discovered:
D:1:      sevenhm_arrival_forest_fort_large_4, layout_basic
D:2:      layout_basic, minmay_hedge_maze, minmay_misc_feat_room, uniq_natasha
D:3:      layout_basic, nicolae_gozag_seed_capital
D:4:      layout_basic, old_standard_altar, serial_shops, nicolae_shop_crystal,
          chequers_serial_rivers_micro_e
D:5:      kennysheep_big_flooded_room, layout_cave_pools, serial_shops,
          nicolae_shop_behind_doors, minmay_bent, uniq_sigmund
D:6:      kennysheep_housing_project, layout_rooms,
          nicolae_ru_the_path_less_chosen, nicolae_ossuary_entry_catacombs,
          elyvilon_altar_3, uniq_duvessa, uniq_menkaure
D:7:      layout_basic, minmay_temple_entry_glassed_door, led_sif_pool
D:8:      layout_basic, hangedman_abyss_or_decor_stabs
D:9:      layout_roguey, kennysheep_little_box, fedhas_altar_1,
          lair_entry_dummy, erik_orc_3
D:10:     layout_roguey, hangedman_ranch [blue_anna_fruit_fields]
D:11:     layout_grid_maze, kennysheep_generic_room_6, uniq_fannar, uniq_sonja,
          uniq_erica
D:12:     lemuel_ogre_cave, layout_irregular_city, xom_teletrap_fun
D:13:     layout_irregular_city, jiyva_altar_1
D:14:     layout_irregular_city, erik_vaults_1, ebering_ghost_disaster_area,
          minmay_misc_feat_roman
D:15:     grunt_enter_depths_hoard, layout_basic, uniq_nessos
Temple:   eino_narrow_crystal_temple
Lair:1:   layout_regular_city, uniq_grum
Lair:2:   layout_regular_city, chequers_serial_rivers_small_a,
          chequers_serial_rivers_large_a, uniq_maggie
Lair:3:   layout_regular_city, st_stairs_9
Lair:4:   layout_hall_layers, minmay_swamp_entry_worms, dummy_spider_entry
Lair:5:   layout_cellular_growth, slime_dummy, lemuel_fruit_fields
Lair:6:   gammafunk_lair_ancient_temple, layout_regular_city, lemuel_fruit_tree
Swamp:1:  layout_basic_swamp, infiniplex_staircase_pool, uniq_aizul
Swamp:2:  layout_basic_swamp, evilmike_swamp_ruin_house_2, uniq_frances
Swamp:3:  layout_falls_marsh, evilmike_swamp_ruin_house_5
Swamp:4:  swamp_fiery, layout_basic_swamp, infiniplex_staircase_pool_2
Spider:1: layout_spider_delve, drop_trap, nicolae_spider_webs_and_nodes
Orc:1:    layout_diamond_mine, serial_shops, shop
Orc:2:    st_orc_rangers, layout_diamond_mine, special_room
Elf:1:    layout_gridlike, serial_shops, nicolae_shop_behind_doors,
          hangedman_elf_represent, uniq_jorgrun
Elf:2:    layout_gridlike, uniq_donald
Elf:3:    minmay_elf_hall_not_hex, layout_gridlike, serial_shops,
          nicolae_shop_crystal, drop_trap

Skill      XL: |  1  2  3  4  5  6  7  8  9 10 11 12 13 14 15 16 17 18 19 |
---------------+----------------------------------------------------------+-----
Spellcasting   | 4 5 6 7 9 10 11 13 14 16 18 19 20 21 22 | 22.7
Conjurations   | 5 6 7 8 9 10 12 13 14 15 17 18 19 20 | 20.0
Hexes          | 1 3 5 7 9 |  9.0
Translocations | 1 3 4 6 |  6.0
Fire Magic     | 1 6 9 10 11 13 14 15 16 | 16.3
Fighting       | 1 2 |  2.0
Armour         | 1 4 |  4.5
Air Magic      | 1 6 8 10 11 | 11.5
Shields        | 3 4 |  4.0
Dodging        | |  2.4
Stealth        | |  2.4

Action                   |  1- 3 |  4- 6 |  7- 9 | 10-12 | 13-15 | 16-18 | 19-21 || total
-------------------------+-------+-------+-------+-------+-------+-------+-------++-------
Melee: Quarterstaff      |       |       |    11 |    17 |     9 |       |       ||    37
       Staff             |       |       |       |       |     5 |       |       ||     5
       Spear             |       |       |       |       |    11 |       |       ||    11
 Cast: Magic Dart        |    65 |   104 |   131 |   334 |   529 |   178 |    83 ||  1424
       Searing Ray       |       |    11 |    76 |    38 |     3 |       |       ||   128
       Fulminant Prism   |       |       |       |    53 |    63 |    14 |     4 ||   134
       Iskenderun's Myst |       |       |       |    46 |   105 |    60 |    32 ||   243
       Iskenderun's Batt |       |       |       |    76 |   111 |    53 |    34 ||   274
       Conjure Flame     |       |       |       |    15 |    12 |     7 |     1 ||    35
       Sticky Flame      |       |       |       |     5 |    37 |     4 |       ||    46
       Orb of Destructio |       |       |       |       |     8 |    11 |     4 ||    23
       Fireball          |       |       |       |       |    58 |    36 |    41 ||   135
       Lightning Bolt    |       |       |       |       |    12 |    77 |    88 ||   177
       Swiftness         |       |       |       |       |     4 |     8 |     1 ||    13
       Starburst         |       |       |       |       |       |       |     6 ||     6
       Blink             |       |       |       |       |       |       |     1 ||     1
Evoke: Wand              |       |       |       |     1 |       |       |       ||     1
  Use: Scroll            |       |     3 |     7 |     8 |    17 |    12 |       ||    47
       Potion            |       |       |     2 |       |     1 |     1 |       ||     4
Armor: Robe              |       |     4 |     5 |    11 |       |       |       ||    20
       Ring mail         |       |       |       |    11 |    99 |    10 |    38 ||   158
Dodge: Dodged            |     2 |     7 |    53 |    50 |    51 |     8 |    23 ||   194
Block: Other             |       |       |     5 |    16 |    28 |     3 |       ||    52
       Buckler           |       |       |       |       |       |     3 |    21 ||    24

Table legend: (Time is in decaauts)
 A = Elapsed time spent in this place.
 B = Non-inter-level travel time spent in this place.
 C = Inter-level travel time spent in this place.
 D = Time resting spent in this place.
 E = Time spent auto-exploring this place.
 F = Levels seen in this place.
 G = Mean time per level.
                   A        B        C        D        E       F      G
               +--------+--------+--------+--------+--------+-----+--------+
         Total |  48691 |  45567 |   3124 |  19899 |  18980 |  33 | 1475.5 |
       Dungeon |  23183 |  21986 |   1197 |   8734 |  10438 |  15 | 1545.5 |
        Temple |     26 |     20 |      6 |      0 |     14 |   1 |   26.0 |
          Lair |   9107 |   8214 |    893 |   3246 |   3948 |   6 | 1517.8 |
         Swamp |   5935 |   5753 |    182 |   3322 |   1943 |   4 | 1483.8 |
   Spider Nest |     30 |     30 |      0 |      0 |      0 |   1 |   30.0 |
  Orcish Mines |   2753 |   2313 |    440 |    754 |   1128 |   2 | 1376.5 |
   Elven Halls |   7285 |   6880 |    405 |   3706 |   1449 |   3 | 2428.3 |
       Ossuary |    368 |    368 |      0 |    136 |     59 |   1 |  368.0 |
               +--------+--------+--------+--------+--------+-----+--------+

Top non-repeatable levels by time:
    D:11: 2677 daAuts
   Elf:3: 2626 daAuts
   Elf:1: 2571 daAuts
    D:12: 2425 daAuts
 Swamp:4: 2312 daAuts
   Elf:2: 2088 daAuts
  Lair:6: 1948 daAuts
    D:10: 1942 daAuts
  Lair:5: 1887 daAuts
     D:6: 1729 daAuts
     D:7: 1715 daAuts
   Orc:2: 1698 daAuts
 Swamp:3: 1616 daAuts
  Lair:4: 1594 daAuts
     D:8: 1562 daAuts
